Map: Overgrown Facility

Players

YATT - Winner!

  • Race: Zerg Zerg
  • League: Platinum
  • Spawn Location: 1:00

Adversity - Winner!

  • Race: Terran Terran
  • Spawn Location: 3:00

Tesla

  • Race: Zerg Zerg
  • Spawn Location: 9:00

Greetings

  • Race: Terran Terran
  • League: Diamond
  • Spawn Location: 7:00

VOD

Have the link to the VOD?

Description

Time

  • Played on: July 13, 2018, 8:34 a.m.
  • Length: 10:07
Show
View Real Time Build Order
Export as new Build Order

YATT Zerg - Winner!

Build Orders: Hatch First 

Get SALT Encoding   

  12  0:01  Drone  
  13  0:12  Overlord  
  13  0:21  Drone  
  14  0:32  Drone x2  
  16  0:42  Drone  
  17  0:57  Hatchery  
  17  0:59  Drone  
  17  1:01  Extractor  
  17  1:02  Drone  
  17  1:18  Spawning Pool  
  16  1:21  Drone  
  17  1:29  Drone  
  17  1:31  Drone  
  19  1:39  Overlord  
  19  1:49  Drone  
  20  2:00  Drone  
  21  2:04  Metabolic Boost  
  21  2:05  Queen  
  23  2:10  Queen  
  23  2:14  Drone  
  26  2:17  Drone  
  26  2:22  Drone  
  28  2:39  Drone x3, Roach Warren  
  30  2:54  Zergling x2  
  30  2:55  Zergling x4  
  33  3:06  Spine Crawler  
  33  3:09  Spine Crawler  
  31  3:12  Lair  
  31  3:14  Drone x3  
  31  3:18  Overlord  
  34  3:27  Zergling x4  
  36  3:39  Zergling x10  
  36  3:40  Zergling x2  
  41  3:52  Zergling x4  
  39  4:12  Roach x2  
  39  4:16  Overlord  
  36  4:34  Roach x5  
  46  4:39  Glial Reconstitution  
  46  4:49  Zergling x4  
  48  4:55  Extractor  
  48  5:21  Roach x3  
  48  5:24  Overlord x2  
  36  5:50  Baneling Nest  
  36  5:53  Roach, Zergling x6  
  36  5:54  Roach x2  
  44  6:03  Drone  
  37  6:16  Zergling x6  
Show
View Real Time Build Order
Export as new Build Order

Adversity Terran - Winner!

Build Orders:  

Get SALT Encoding   

  12  0:02  SCV  
  13  0:14  SCV  
  13  0:18  Supply Depot  
  14  0:26  SCV  
  15  0:30  Refinery  
  15  0:40  SCV  
  16  0:45  Barracks  
  16  0:52  SCV  
  17  1:04  SCV  
  17  1:07  Barracks  
  18  1:16  SCV  
  19  1:25  Barracks  
  19  1:33  Reaper  
  20  1:41  Orbital Command  
  20  1:51  Supply Depot  
  20  1:55  Reaper  
  20  1:59  Refinery  
  21  2:05  Reaper  
  22  2:08  SCV  
  22  2:12  Reaper  
  24  2:18  Supply Depot  
  24  2:22  SCV  
  25  2:32  Reaper  
  25  2:34  SCV  
  27  2:45  Reaper  
  27  2:46  Reaper  
  29  2:51  SCV  
  30  3:04  Reaper  
  30  3:05  SCV  
  32  3:08  Command Center  
  32  3:18  Reaper  
  33  3:22  Reaper  
  34  3:28  SCV  
  35  3:41  Reaper  
  36  3:45  Supply Depot  
  36  4:01  SCV  
  36  4:14  SCV, Barracks Reactor  
  36  4:15  Barracks, Barracks Reactor, Barracks Tech Lab  
  36  4:16  Barracks  
  35  4:19  Factory  
  35  4:36  Marine  
  35  4:37  Stimpack  
  35  4:38  Orbital Command  
  36  4:40  SCV  
  36  4:57  Marine x5  
  41  5:01  SCV  
  42  5:10  Factory Reactor  
  42  5:11  Starport  
  42  5:13  SCV  
  43  5:14  Marine x3  
  43  5:16  SCV  
  47  5:25  Marine, SCV  
  47  5:26  Marine x3  
  52  5:41  Marine x3  
  54  5:43  Marine  
  54  5:44  Marine, SCV x2  
  54  5:47  Supply Depot, Engineering Bay  
  59  5:50  Engineering Bay  
  59  6:01  Marine, Barracks Reactor x2  
  59  6:02  Marine x3  
  62  6:09  Medivac x2, Marine, SCV x2  
  69  6:19  Marine  
  69  6:20  Refinery x2  
  69  6:21  Supply Depot  
  70  6:26  Terran Infantry Armor Level 1, Terran Infantry Weapons Level 1  
  70  6:41  Supply Depot  
  70  6:44  Supply Depot, Marine, SCV  
  70  6:45  Supply Depot, Marine  
  70  6:46  Supply Depot, Marine  
  70  6:47  Command Center  
  70  6:58  Combat Shield  
  70  7:03  Medivac x2, Supply Depot, Marine x3, SCV  
  70  7:04  Supply Depot  
  70  7:05  Marine x3  
  70  7:06  SCV  
  70  7:07  Armory  
  82  7:09  Marine x3  
  82  7:15  Supply Depot, SCV  
  86  7:16  Barracks, Supply Depot  
  86  7:18  SCV  
  86  7:21  Marine x3  
  90  7:23  Marine x3  
  90  7:27  Marine, SCV  
  90  7:28  Marine x2  
  97  7:30  SCV  
  97  7:33  Medivac x2  
  102  7:38  Marine x3  
  102  7:41  Marine  
  102  7:43  Marine x2  
  108  7:44  Marine  
  108  7:45  Marine  
  108  7:46  Marine  
  111  7:53  Supply Depot  
  111  7:56  Marine x3  
  103  7:59  Marine  
  103  8:01  Marine x2  
  103  8:02  Marine  
  103  8:04  SCV x2  
  109  8:08  Marine x2  
  109  8:09  Barracks Reactor  
  111  8:16  SCV x2  
  113  8:23  Marine x3  
  113  8:24  Marine x2  
  118  8:28  Marine  
  118  8:29  Marine x3  
  118  8:33  Missile Turret  
  122  8:36  SCV x2  
  124  8:43  Supply Depot  
  109  9:13  Medivac x2, Marine  
  109  9:14  Marine x9  
  123  9:22  Marine  
  124  9:25  SCV x2  
  124  9:26  Orbital Command  
  124  9:29  Barracks  
  124  9:30  Barracks  
  126  9:31  Marine  
  126  9:32  Marine x3  
  126  9:37  SCV  
Show
View Real Time Build Order
Export as new Build Order

Tesla Zerg 

Build Orders: Hatch First 

Get SALT Encoding   

  12  0:04  Drone  
  13  0:13  Overlord  
  13  0:19  Drone  
  14  0:34  Drone x2  
  16  0:42  Drone  
  17  0:58  Drone  
  17  1:02  Extractor, Hatchery  
  17  1:03  Drone  
  17  1:09  Drone  
  18  1:22  Spawning Pool  
  17  1:31  Drone x2  
  19  1:43  Overlord  
  19  2:08  Metabolic Boost  
  19  2:09  Zergling x4  
  19  2:10  Queen  
  23  2:15  Queen  
  23  2:19  Drone x2  
  27  2:27  Baneling Nest  
  27  2:29  Drone  
  27  2:51  Queen  
  27  2:52  Queen  
  31  2:59  Drone x3  
  34  3:14  Overlord  
  34  3:15  Overlord  
  34  3:17  Baneling x2  
  34  3:36  Zergling x10  
  35  4:01  Zergling x12  
  40  4:05  Baneling x2  
  40  4:11  Spine Crawler  
  38  4:38  Zergling x24  
  45  5:11  Zergling x16  
  45  5:12  Zergling x2  
  50  5:23  Zergling x4  
  49  5:49  Zergling x6  
  52  5:50  Overlord x3  
  51  6:05  Hatchery  
  49  6:11  Baneling  
  49  6:12  Baneling  
  41  6:40  Baneling  
  41  6:41  Baneling x2  
  41  6:42  Zergling x16  
  41  6:43  Zergling x8  
  49  7:10  Baneling  
  49  7:11  Baneling x15  
  49  7:12  Lair  
  47  7:23  Zergling x18  
  55  7:51  Drone x7  
  62  8:05  Extractor  
  61  8:06  Drone x7  
  61  8:11  Extractor x2  
  66  8:14  Drone  
  67  8:41  Spire  
  67  8:42  Drone x7  
  46  9:21  Zergling x28  
  59  9:34  Drone x5  
  64  9:42  Baneling x3  
  64  9:43  Baneling x4  
  64  9:44  Baneling  
Show
View Real Time Build Order
Export as new Build Order

Greetings Terran 

Build Orders: Cyclone Opening 

Get SALT Encoding   

  12  0:05  SCV  
  13  0:17  SCV  
  13  0:19  Supply Depot  
  14  0:29  SCV  
  15  0:42  Barracks  
  15  0:49  Barracks  
  15  0:55  Refinery  
  15  0:59  SCV  
  16  1:07  Refinery  
  16  1:11  SCV  
  17  1:23  SCV  
  18  1:35  SCV  
  19  1:40  Marine x2  
  21  1:47  Factory  
  21  1:52  SCV  
  22  2:02  Supply Depot  
  22  2:06  Barracks Reactor  
  22  2:11  Barracks Tech Lab  
  22  2:16  SCV  
  23  2:29  Orbital Command  
  23  2:38  Stimpack  
  23  2:47  Cyclone  
  23  2:50  Marine  
  27  3:02  Marine, Marauder  
  28  3:08  Marine  
  22  3:20  Reaper  
  23  3:28  SCV  
  23  3:31  Cyclone  
  27  3:39  Marine  
  29  3:45  SCV  
  29  3:50  Marauder  
  31  4:09  Supply Depot, SCV  
  31  4:23  SCV  
  31  4:29  Marine x2, Marauder  
  28  4:35  Cyclone  
  31  4:41  SCV  
  32  4:46  Concussive Shells  
  32  4:49  Marine x2  
  34  5:03  SCV  
  34  5:06  Marauder  
  37  5:07  Marine x2  
  39  5:15  Supply Depot  
  39  5:20  Starport  
  36  5:37  Marine x2  
  36  5:38  Marauder  
  37  5:49  SCV, Command Center  
  36  5:56  Cyclone  
  39  6:05  Marine x2, Marauder  
  43  6:15  Medivac  
  45  6:41  Liberator  
  45  6:43  Marine  
  45  6:45  Marine  
  33  7:01  Marine, SCV  
  37  7:03  Marine  
  37  7:08  Orbital Command  
  39  7:12  Siege Tank  
  39  7:14  Marine  
  43  7:19  Marine  
  43  7:20  Marine  
  45  7:29  Bunker x2, SCV  
  46  7:31  Marine  
  47  7:37  Marine  
  47  7:38  Marine  
  47  7:39  Bunker  
  50  7:53  Marine  
  50  7:55  Marine  
  50  7:56  Marine  
  41  8:03  Viking  
  41  8:04  SCV  
  42  8:19  Command Center  
  42  8:26  Siege Tank  
  45  8:36  Command Center  
  3  9:46  Supply Depot  
  3  9:48  SCV  
Tags
 
Add a new tag
Caveats
  • Supply blocks, unpowered buildings, or Contaminate may cause inaccurate times.
  • Supply counts are checked every 10 seconds.